 Dungeon Crawl Stone Soup version 0.27.0-1-g7a089689b8 (webtiles) character file.

Game seed: 2457189895067892742

80 HaiZhung the Magician (level 4, 0/31 HPs)
             Began as a Djinni Hedge Wizard on Aug 16, 2021.
             Slain by a kobold (1 damage)
             ... on level 3 of the Dungeon.
             The game lasted 00:13:01 (3250 turns).

HaiZhung the Magician (Djinni Hedge Wizard)         Turns: 3250, Time: 00:13:03

Health: 0/31       AC:  2    Str:  9    XL:     4   Next: 65%
Gold:   96         EV: 13    Int: 16    God:
                   SH:  0    Dex: 13

rFire    + + .     SeeInvis .   a - +0 dagger
rCold    x . .     Faith    .   (no shield)
rNeg     . . .     Spirit   .   b - +0 robe
rPois    ∞         Reflect  .   c - +0 hat
rElec    .         Harm     .   (no cloak)
rCorr    .         Rampage  .   (no gloves)
Will     .....                  (boots unavailable)
Stlth    ++........             (no amulet)
HPRegen  0.10/turn              (no ring)
MPRegen  0.00/turn              (no ring)

@: flying
A: sickness immunity, fire resistance 2, cold vulnerability 1, float, innate
caster, hp casting, extra vitality 1
a: no special abilities


You were on level 3 of the Dungeon.
You visited 1 branch of the dungeon, and saw 3 of its levels.

You collected 96 gold pieces.

Inventory:

Hand Weapons
 a - a +0 dagger (weapon)
Missiles
 i - 35 stones (quivered)
Armour
 b - a +0 robe (worn)
 c - a +0 hat (worn)
Scrolls
 d - a scroll of fog
 g - 2 scrolls of identify
Potions
 e - a potion of invisibility {unknown}
 f - a potion of heal wounds {unknown}
 h - 2 potions of brilliance {unknown}
 j - a potion of mutation {unknown}
 k - a potion of curing {unknown}


   Skills:
 + Level 3.2 Dodging
 - Level 1.6 Stealth
 * Level 3.5 Spellcasting


You couldn't memorise any spells.
You knew the following spells:

 Your Spells              Type           Power      Damage    Failure   Level
a - Magic Dart            Conj           56%        1d5       4%          1
b - Blink                 Tloc           N/A        N/A       6%          2
c - Call Imp              Summ           14%        N/A       6%          2
d - Slow                  Hex            14%        N/A       6%          2
e - Conjure Flame         Conj/Fire      14%        6-21      13%         3
f - Mephitic Cloud        Conj/Pois/Air  14%        N/A       13%         3
g - Sandblast             Erth           28%        2d8       4%          1
Your spell library was empty.

Dungeon Overview and Level Annotations

Branches:
Dungeon (3/15)

Altars:


Innate Abilities, Weirdness & Mutations

You are immune to sickness and miasma.
You are immune to poison.
Your flesh is very heat resistant. (rF++)
You are vulnerable to cold. (rC-)
You float through the air rather than walking.
You learn spells naturally, not from books.
Your magical power is your life essence.
You have superior vitality. (+4 HP)


Message History

Aim: an orc, wielding a +0 hand axe and wearing a +0 scale mail (almost dead, 60% to hit)
You throw a stone. The stone barely misses the orc.
Throw: 40 stones
Press: ? - help, Q - select action, (/) - cycle Shift-Dir - straight line, f/p - orc
Aim: an orc, wielding a +0 hand axe and wearing a +0 scale mail (almost dead, 60% to hit)
You throw a stone. The stone barely misses the orc.
The orc hits you but does no damage.
Casting: Blink (safe; 6% risk of failure)
Confirm with . or Enter, or press ? or * to list all spells.
You blink.
* * * LOW HITPOINT WARNING * * *
Throw: 39 stones
Press: ? - help, Q - select action, (/) - cycle Shift-Dir - straight line, f/p - orc
Aim: an orc, wielding a +0 hand axe and wearing a +0 scale mail (translocational energy, almost dead, 60% to hit)
You throw a stone. The stone barely misses the orc.
Throw: 38 stones
Press: ? - help, Q - select action, (/) - cycle Shift-Dir - straight line, f/p - orc
Aim: an orc, wielding a +0 hand axe and wearing a +0 scale mail (almost dead, 60% to hit)
You throw a stone. The stone barely misses the orc.
Throw: 37 stones
Press: ? - help, Q - select action, (/) - cycle Shift-Dir - straight line, f/p - orc
Aim: an orc, wielding a +0 hand axe and wearing a +0 scale mail (almost dead, 60% to hit)
You throw a stone.
The stone hits the orc but does no damage.
The orc is almost dead.
Sorry, you're not good enough to have a special ability.
Throw: 36 stones
Press: ? - help, Q - select action, (/) - cycle Shift-Dir - straight line, f/p - orc
Aim: an orc, wielding a +0 hand axe and wearing a +0 scale mail (almost dead, 60% to hit)
You throw a stone.
The stone hits the orc but does no damage.
The orc is almost dead.
A kobold comes into view. It is wielding a +0 club.
Casting: Blink (safe; 6% risk of failure)
Confirm with . or Enter, or press ? or * to list all spells.
You blink.
* * * LOW HITPOINT WARNING * * *
The kobold shouts!
The kobold hits you with a +0 club.
You die...

. # #.# #.#(#
#.. #.#
#######.#
#.§o....#
#.#######
#.#### ##.?..#
#K....# #@#
#.........#
........####.#
........#
........#
........#
........#
........####
...B.......


You could see a kobold.

Vanquished Creatures
  Natasha (twice) (D:2)
  An adder (D:2)
  2 ball pythons (D:1)
  4 bats (D:1)
  An endoplasm (D:1)
  3 hobgoblins
  2 jackals (D:2)
  2 kobolds (D:1)
  A goblin (D:2)
  7 rats
25 creatures vanquished.

Vanquished Creatures (collateral kills)
  Natasha (D:2)
  A dart slug (D:1)
  A jackal (D:2)
  A kobold (D:1)
4 creatures vanquished.

Grand Total: 29 creatures vanquished

Notes
Turn   | Place    | Note
-------+----------+-------------------------------------------
     0 | D:1      | HaiZhung the Djinni Hedge Wizard began the quest for the
                  | Orb.
     0 | D:1      | Reached XP level 1. HP: 15/15 MP: 0/0
   262 | D:1      | Reached XP level 2. HP: 19/21 MP: 0/0
   889 | D:1      | Reached XP level 3. HP: 19/25 MP: 0/0
   889 | D:1      | Learned a level 1 spell: Sandblast
  1287 | D:1      | Found a faded altar of an unknown god.
  1979 | D:2      | Noticed Natasha
  1987 | D:2      | Killed Natasha
  2563 | D:2      | Noticed Natasha
  2578 | D:2      | Killed Natasha
  2579 | D:2      | Reached XP level 4. HP: 13/31 MP: 0/0
  2690 | D:2      | Noticed Natasha
  2697 | D:2      | Killed Natasha
  3130 | D:3      | Noticed a black bear
  3250 | D:3      | Slain by a kobold

Illustrated notes

Levels and vault maps discovered:
D:1:      dpeg_arrival_leaves_temple_mockup, layout_basic,
          chequers_ecumenical_altar_island
D:2:      layout_basic, kennysheep_boxes, uniq_natasha
D:3:      layout_basic, mainiacjoe_overflow_surrounded_room

Skill      XL: |  1  2  3 |
---------------+----------+-----
Spellcasting   | 3 |  3.5
Dodging        | 3 |  3.2
Stealth        | |  1.6

Action                   |  1- 3 |  4- 6 || total
-------------------------+-------+-------++-------
Melee: Dagger            |     1 |     2 ||     3
Throw: Stone             |       |     8 ||     8
 Cast: Magic Dart        |    36 |     4 ||    40
       Call Imp          |    12 |     5 ||    17
       Sandblast         |     5 |     7 ||    12
       Mephitic Cloud    |     1 |       ||     1
       Blink             |       |     3 ||     3
  Use: Scroll            |       |     6 ||     6
 Stab: Confused          |     1 |       ||     1
Armor: Robe              |     1 |     1 ||     2
Dodge: Dodged            |     3 |     5 ||     8
